Unix NetHack Version 5.0.0-0 post-release - last build May 31 2026 23:59:36 (970b52f25bf058293b47ddfd14a1e40e571c508c,branch:main).

Game began 2026-06-03 03:49:16, ended 2026-06-08 01:26:44.

Gtea, lawful female human Archeologist

              #      -----
       -------|--    |...|                   --------------
       |.......f|   #|...|         ----- ####.............|
       |.....@...####:...-#        |..<.##   |............|
       |>.......|   #|...|#        |...|     |............|
       |.........### --.--#########....|     ----|---------
       --------.-##########        ---.-         ###                  ##
           #####   #############      #            ##               ---.----
            # #    #      #    ##     #             ######          |......|
          ### #    #      #     #### ##                  #         #.......|
          # ###  ###      ##       ##########     -------.--       #|....>.|
         -.-.--###         ##   ----.-------.-    |........|       #|...)..|
         |....|#            #   |............|    |........| ##*####|.....(|
         |...%|#            #   |............|    |......d.| #      --------
         |{....#            #   |............|    |.........##
         |....|             #   |............|    ----------
         |.....             ####.............|
         |....|                 --------------
         ------

Gtea the Digger            St:13 Dx:8 Co:10 In:17 Wi:17 Ch:11  Lawful
Dlvl:2  $:187 HP:9(13) Pw:2(2) AC:9  Xp:1 T:743 

Latest messages:
 You miss the gnome.
 The gnome hits!
 You lash the gnome.
 The gnome hits!
 The gnome picks up a worthless piece of white glass.
 You climb up the stairs.
 You are beginning to feel hungry.
 What do you want to eat? [dikm or ?*]
 Blecch!  Rotten food!
 Everything suddenly goes dark.
 You finish eating the food ration.
 Wait!  There's something there you can't see!
 You miss it.
 Pick a monster, object or location.
 You can see again.
 #message: unknown extended command.
 Really save? [yn] (n)
 Saving...
 Restoring save file...
 Hello Gtea, the human Archeologist, welcome back to NetHack!
 Restoring save file...
 Hello Gtea, the human Archeologist, welcome back to NetHack!
 You see no objects here.
 #
 Really quit without saving? [yn] (n)
 Do you want your possessions identified? [ynq] (y)
 Do you want to see your attributes? [ynq] (y)

Inventory:
 Coins    ('$')
  $ - 187 gold pieces
 Weapons  (')')
  a - a +1 bullwhip (weapon in right hand)
 Armor    ('[')
  c - a blessed +0 fedora (being worn)
  b - an uncursed +0 leather jacket (being worn)
 Comestibles  ('%')
  d - 6 uncursed food rations
  i - a cursed lembas wafer
  m - an uncursed homemade tin of jackal meat
  k - 2 uncursed homemade tins of newt meat
 Wands    ('/')
  j - a wand of digging (0:7)
 Tools    ('(')
  h - an uncursed sack containing 3 items
  e - a +0 pick-axe (alternate weapon; not wielded)
  f - a tinning kit (0:88)
 Gems/Stones  ('*')
  g - an uncursed touchstone

Contents of the sack:
  an uncursed spellbook of detect monsters
  an uncursed spellbook of magic mapping
  a cursed -1 ring of gain constitution

Gtea the Archeologist's attributes:

Background:
 You were a Digger, a level 1 female human Archeologist.
 You were lawful, on a mission for Quetzalcoatl
 who was opposed by Camaxtli (neutral) and Huhetotl (chaotic).
 You were right-handed.
 You were in the Dungeons of Doom, on level 2.
 You entered the dungeon 743 turns ago.
 It was nighttime.
 You had 19 experience points, 1 more was needed to attain level 2.

Basics:
 You had 9 out of 13 hit points.
 You had both energy points (spell power).
 Your armor class was 9.
 Your wallet contained 187 zorkmids.
 Autopickup was off.

Final Characteristics:
 Your strength was 13 (limit:18/100).
 Your dexterity was 8 (limit:18).
 Your constitution was 10 (limit:18).
 Your intelligence was 17 (limit:18).
 Your wisdom was 17 (limit:18).
 Your charisma was 11 (limit:18).

Final Status:
 You weren't hungry.
 You were unencumbered.
 You were wielding a whip.
 You had basic skill with whip.

Final Attributes:
 You were fervently aligned.
 You had automatic searching.
 You were lucky.
 You survived.

Miscellaneous:
 You didn't encounter any bones levels.
 Total elapsed playing time was 18 minutes and 16 seconds.

Major events:
 Turn
    1: Gtea the lawful female human Archeologist entered the dungeon
  331: entered the Gnomish Mines
  743: quit

You didn't know any spells.

Skills:
 Fighting Skills
   bare handed combat [Unskilled]
   two weapon combat  [Unskilled]
   riding             [Unskilled]
 Weapon Skills
   dagger             [Unskilled]
   knife              [Unskilled]
   pick-axe           [Basic]
   short sword        [Unskilled]
   saber              [Unskilled]
   club               [Unskilled]
   quarterstaff       [Unskilled]
   sling              [Unskilled]
   dart               [Unskilled]
   boomerang          [Unskilled]
   whip               [Basic]
   unicorn horn       [Unskilled]
 Spellcasting Skills
   attack spells      [Unskilled]
   healing spells     [Unskilled]
   divination spells  [Unskilled]
   matter spells      [Unskilled]

Voluntary challenges:
 Character rerolling was not enabled.
 You followed a strict vegan diet.
 You were an atheist.
 You never genocided any monsters.
 You never polymorphed an object.
 You never changed form.
 You used no wishes.
Achievement:
 You entered the Gnomish Mines.

 The Dungeons of Doom: levels 1 to 2
    Level 1:
       A fountain.
    Level 2: <- You were here.
       A fountain.
       Stairs down to The Gnomish Mines.
 The Gnomish Mines:
    Level 3:


Vanquished creatures:
  3 jackals
  2 foxes
  2 sewer rats
  3 lichens
  4 newts
14 creatures vanquished.

No species were genocided or became extinct.

Goodbye Gtea the Archeologist...

You quit in The Dungeons of Doom on dungeon level 2 with 373 points,
and 187 pieces of gold, after 743 moves.
You were level 1 with a maximum of 13 hit points when you quit.

